AoeStats
← Combi l BU

Socotra

505795995Analyzed
2v2 RM · 22d ago on Sep 11, 2026· 44m 34s· 4 players
Game mode
Random Map
Map size
Tiny (2 player)
Population
200
Speed
Normal
Resources
Standard
Victory
Conquest
Starting age
Dark Age
Ending age
Imperial Age
RankedLock teamsTeams togetherTeam positionsShared explorationLock speedFull tech treeHidden civsTurbo modeCheats
Victory
Defeat
🇨🇱 Franks · Chile
1600
+13
🇲🇽 Ethiopians · Mexico
1582
+14
🇦🇷 Bulgarians · Argentina
1561
-14
🇦🇷 Goths · Argentina
1515
-13
TQLeo
7:12 Loom
10:32 Feudal Age
11:31 Arson
14:27 Fletching
15:22 Double-Bit Axe
16:31 Padded Archer Armor
19:37 Wheelbarrow
24:17 Castle Age
25:08 Thumb Ring
24:24 Elite Skirmisher
25:10 Bodkin Arrow
26:09 Leather Archer Armor
32:00 Stone Mining
33:13 Horse Collar
The Kickerous
1:03 Loom
11:49 Feudal Age
15:54 Fletching
18:58 Padded Archer Armor
23:28 Castle Age
21:42 Double-Bit Axe
23:55 Crossbowman
24:57 Bodkin Arrow
29:29 Ballistics
32:16 Leather Archer Armor
Ux' CombiNero
0:25 Loom
13:22 Feudal Age
19:10 Double-Bit Axe
21:48 Wheelbarrow
25:08 Castle Age
23:34 Scale Barding Armor
24:14 Forging
24:36 Gold Mining
26:13 Chain Barding Armor
26:14 Light Cavalry
27:53 Bow Saw
28:49 Husbandry
29:33 Iron Casting
38:29 Fletching
41:26 Bodkin Arrow
44:29 Hand Cart
Combi l BU
6:15 Loom
9:28 Feudal Age
11:30 Fletching
22:20 Castle Age
20:23 Horse Collar
20:40 Double-Bit Axe
21:22 Gold Mining
22:26 Crossbowman
23:06 Bodkin Arrow
24:32 Ballistics
24:15 Padded Archer Armor
31:10 Bow Saw
33:44 Wheelbarrow
34:57 Thumb Ring
35:28 Leather Archer Armor
36:36 Hand Cart
36:29 Heavy Plow
41:33 Imperial Age
40:39 Gold Shaft Mining
39:57 Stone Mining
41:35 Arbalester
42:16 Bracer
42:37 Spies/Treason
45:13 Chemistry
Connection lost

Rejoining the realm…

Still unreachable

The connection could not be restored.

Session expired

The server has moved on; the page needs a fresh start.